 Dungeon Crawl Stone Soup version 0.23.0 (webtiles) character file.

Game seed: 17173803744822973350

113934 Morbidden the Blocker (level 16, 0/120 HPs)
             Began as a Demonspawn Fighter on Feb 10, 2019.
             Was a High Priest of Dithmenos.
             Killed from afar by a deep elf death mage (24 damage)
             ... with a bolt of negative energy
             ... on level 2 of the Orcish Mines.
             The game lasted 01:12:09 (24285 turns).

Morbidden the Blocker (Demonspawn Fighter)         Turns: 24285, Time: 01:12:10

Health: 0/120      AC: 19    Str: 20    XL:     16   Next: 15%
Magic:  25/25      EV: 19    Int: 11    God:    Dithmenos [*****.]
Gold:   1033       SH: 14    Dex: 15    Spells: 20/21 levels left

rFire    . . .     SeeInvis .   b - +4 scimitar (flame)
rCold    + . .     Gourm    .   E - +2 shield
rNeg     . . .     Faith    .   J - +4 troll leather armour
rPois    .         Spirit   .   A - +0 helmet
rElec    .         Reflect  .   T - +0 cloak
rCorr    .         Harm     .   c - +0 pair of gloves
MR       +....                  (boots unavailable)
Stlth    +++++++++.             C - amulet of the acrobat
HPRegen  0.70/turn              Y - +6 ring of evasion
MPRegen  0.19/turn              Q - +6 ring of protection

@: wreathed by umbra, very heavily drained
A: talons 3, thin metallic scales 2, cold resistance 1, deformed body,
nightstalker 2, screaming 1, augmentation 2, freezing cloud immunity
a: Shadow Step, Shadow Form, Renounce Religion


You were on level 2 of the Orcish Mines.
You worshipped Dithmenos.
Dithmenos was extremely pleased with you.
You were hungry.

You visited 5 branches of the dungeon, and saw 25 of its levels.
You also visited: Ice Cave.

You collected 2301 gold pieces.
You spent 1268 gold pieces at shops.

Inventory:

Hand Weapons
 a - a +3 dagger of draining
 b - a +4 scimitar of flaming (weapon)
Missiles
 s - 4 throwing nets (quivered)
Armour
 c - a +0 pair of gloves (worn)
 A - a +0 helmet (worn)
 E - a +2 shield (worn)
 J - a +4 troll leather armour (worn)
 T - a +0 cloak (worn)
Jewellery
 C - an amulet of the acrobat (around neck)
 Q - a +6 ring of protection (right hand)
 Y - a +6 ring of evasion (left hand)
Wands
 j - a wand of digging (4)
 q - a wand of iceblast (4)
 D - a wand of clouds (1)
 G - a wand of polymorph (9)
 H - a wand of paralysis (7)
 I - a wand of acid (9)
 K - a wand of disintegration (9)
 R - a wand of random effects (18)
 W - a wand of enslavement (7)
Scrolls
 g - 5 scrolls of identify
 i - a scroll of teleportation
 m - 5 scrolls of noise
 o - a scroll of fog
 p - 2 scrolls of magic mapping
 r - a scroll of immolation
 w - 6 scrolls of amnesia
 O - 5 scrolls of remove curse
 V - a scroll of enchant weapon
 X - 2 scrolls of enchant armour
Potions
 d - 4 potions of might
 e - 2 potions of agility
 h - 5 potions of magic
 k - 5 potions of lignification
 l - 4 potions of cancellation
 n - 3 potions of brilliance
 t - a potion of heal wounds
 u - 4 potions of haste
 v - a potion of berserk rage
 x - 6 potions of flight
 B - 3 potions of invisibility
 F - 5 potions of mutation
 P - 4 potions of curing
Miscellaneous
 y - a phantom mirror
 U - a sack of spiders
Comestibles
 f - 45 rations


   Skills:
 * Level 9.1(5.6) Fighting
 - Level 9.6(6.6) Short Blades
 + Level 4.9(4.5) Long Blades
 + Level 6.6(3.4) Armour
 + Level 8.2(4.8) Dodging
 + Level 13.2(9.3) Stealth
 * Level 13.9(10.0) Shields
 + Level 3.3(0.4) Spellcasting
 + Level 4.5(1.4) Hexes
 * Level 13.2(9.4) Invocations
 + Level 0.2(0.0) Evocations


You had 20 spell levels left.
You knew the following spells:

 Your Spells              Type           Power        Failure   Level  Hunger
a - Confusing Touch       Hex            #.....       38%         1    ##.....

Your spell library contained the following spells:

 Spells                   Type           Power        Failure   Level  Hunger
 Slow                     Hex            #.......     54%         2    ###....
 Animate Skeleton         Necr           N/A          58%         1    ##.....
 Apportation              Tloc           #.....       58%         1    ##.....
 Beastly Appendage        Tmut           #.....       58%         1    ##.....
 Magic Dart               Conj           #...         58%         1    ##.....
 Pain                     Necr           #...         58%         1    ##.....
 Shock                    Conj/Air       #...         58%         1    ##.....
 Sting                    Conj/Pois      #...         58%         1    ##.....
 Summon Butterflies       Summ           #.......     58%         1    ##.....
 Summon Small Mammal      Summ           #...         58%         1    ##.....
 Blink                    Tloc           N/A          75%         2    ###....
 Call Imp                 Summ           #.......     75%         2    ###....
 Poisonous Vapours        Pois/Air       #.....       75%         2    ###....
 Searing Ray              Conj           #.....       75%         2    ###....
 Sticks to Snakes         Tmut           #.......     75%         2    ###....
 Swiftness                Chrm/Air       #.......     75%         2    ###....
 Confuse                  Hex            #.......     77%         3    ####...
 Dazzling Spray           Conj/Hex       #.....       86%         3    ####...
 Call Canine Familiar     Summ           #.......     92%         3    ####...
 Conjure Flame            Conj/Fire      #.......     92%         3    ####...
 Gell's Gravitas          Tloc           #.........   92%         3    ####...
 Mephitic Cloud           Conj/Pois/Air  #.......     92%         3    ####...
 Regeneration             Chrm/Necr      #.........   92%         3    ####...
 Spider Form              Tmut/Pois      #.........   92%         3    ####...
 Static Discharge         Conj/Air       #.......     92%         3    ####...
 Vampiric Draining        Necr           #.........   92%         3    ####...
 Fulminant Prism          Conj/Hex       #.........   99%         4    #####..
 Airstrike                Air            #.........   100%        4    #####..
 Animate Dead             Necr           N/A          100%        4    #####..
 Force Lance              Conj/Tloc      #.......     100%        4    #####..
 Ice Form                 Ice/Tmut       #.......     100%        4    #####..
 Iskenderun's Mystic Bla  Conj           #.......     100%        4    #####..
 Olgreb's Toxic Radiance  Pois           #.......     100%        4    #####..
 Petrify                  Tmut/Erth      #.......     100%        4    #####..
 Summon Ice Beast         Ice/Summ       #.......     100%        4    #####..
 Blade Hands              Tmut           #.........   100%        5    ######.
 Irradiate                Conj/Tmut      #.........   100%        5    ######.
 Lightning Bolt           Conj/Air       #.........   100%        5    ######.
 Metabolic Englaciation   Hex/Ice        #.........   100%        5    ######.
 Summon Mana Viper        Hex/Summ       #.......     100%        5    ######.
 Venom Bolt               Conj/Pois      #.........   100%        5    ######.
 Yara's Violent Unravell  Hex/Tmut       #.........   100%        5    ######.
 Hydra Form               Tmut           #.........   100%        6    #######
 Statue Form              Tmut/Erth      #........    100%        6    #######
 Dragon Form              Tmut           #.........   100%        7    #######
 Summon Hydra             Summ           #.........   100%        7    #######


Dungeon Overview and Level Annotations

Branches:
Dungeon (15/15)            Temple (1/1) D:4            Lair (6/6) D:8
 Shoals (0/4) Lair:3       Spider (0/4) Lair:2        Slime (0/5) Lair:5
    Orc (2/2) D:11            Elf (1/3) Orc:2        Vaults (0/5) D:13
 Depths (0/5) D:15

Altars:
Ashenzari
Cheibriados
Dithmenos
Elyvilon
Fedhas
Gozag
Hepliaklqana
Kikubaaqudgha
Makhleb
Nemelex Xobeh
Okawaru
Qazlal
Ru
Sif Muna
Trog
Uskayaw
Vehumet
Wu Jian
Xom
Yredelemnul
Zin
The Shining One
Beogh

Shops:
D:8 *!*=   D:14 (   Orc:2 ?*:*

Annotations:
Lair:5 exclusion: 8 oklob plants


Innate Abilities, Weirdness & Mutations

You have claws for feet.
You are mostly covered in thin metallic scales. (AC +3)
Your flesh is cold resistant. (rC+)
You are significantly more attuned to the shadows.
Your magical and physical power is enhanced at high health.
You are immune to freezing clouds.
Armour fits poorly on your strangely shaped body.
You occasionally shout uncontrollably at your foes.


Message History

Your shadow hits the ghostly deep elf knight but does no damage.
The deep elf death mage barely misses you.
You block the ghostly deep elf knight's attack.
Unknown command.
You closely miss the ghostly deep elf knight.
Your kick misses the ghostly deep elf knight.
The ghostly deep elf knight is heavily damaged.
Your shadow hits the ghostly deep elf knight with a scimitar.
You block the ghostly deep elf knight's attack.
The deep elf death mage points at you and mumbles some strange words.
The bolt of negative energy misses you.
The ghostly deep elf knight hits you with a +0 short sword!
* * * LOW HITPOINT WARNING * * *
Unknown command.
Okay, then.
You feel much better.
The ghostly deep elf knight hits you but does no damage.
The deep elf death mage casts a spell at you.
The bolt of negative energy hits you!!
You feel drained.
You die...

..................##
..................##
...................#
...................#
^..................#
..................##
...................#
..................##
...............e@.##
.................e.#
...........#.......#
............#..)*.##
.................##
.................##
.....#..........^.#
....#.......).....##
............#).....#


You could see a deep elf death mage, a ghostly deep elf knight and a lost soul.

Vanquished Creatures
  Kirke (Lair:4)
  A frost giant (IceCv)
  An emperor scorpion (D:15)
  Nessos (Lair:4)
  Azrael (D:15)
  Josephine (D:13)
  Snorg (Lair:4)
  The ghost of Tarias the Cruncher, a journeyman GrGl of the Shining One (D:14)
  A fire dragon (Lair:6)
  A vault guard (D:13)
  6 hydras
  A centaur warrior (D:14)
  2 catoblepae
  Erica (Lair:1)
  7 two-headed ogres
  An alligator (shapeshifter) (D:15)
  8 death yaks
  3 tengu warriors
  The ghost of PeterQ the Carver, a journeyman TeGl of the Shining One (D:10)
  4 orc high priests (Orc:2)
  A deep elf knight (Elf:1)
  4 skeletal warriors (D:12)
  An unseen horror (D:15)
  A deep elf archer (Elf:1)
  2 lindwurms (Lair:6)
  A necromancer (Lair:4)
  6 orc knights
  6 orc sorcerers
  A wolf spider (Lair:5)
  An oklob plant (Lair:2)
  A salamander (D:15)
  4 cyclopes
  10 slime creatures
  4 manticores
  8 elephants (Lair:6)
  5 ugly things
  2 black mambas (Lair:6)
  4 centaur zombies
  2 merfolk sirens (Lair:3)
  An ice statue (IceCv)
  5 orange demons (D:15)
  A gargoyle (D:12)
  7 torpor snails
  A kobold demonologist (D:15)
  12 spiny frogs
  6 komodo dragons
  A red devil (D:15)
  3 rime drakes
  An efreet (D:13)
  7 trolls
  2 jumping spiders (Lair:2)
  3 meliai (D:12)
  Prince Ribbit (D:9)
  A queen bee (D:12)
  4 tyrant leeches (Lair:6)
  16 polar bears
  8 hornets (Lair:6)
  2 merfolk (Lair:3)
  2 dream sheep (Lair:6)
  27 blink frogs
  15 hippogriffs
  A redback (Lair:2)
  3 spriggans (D:10)
  Eustachio (D:5)
  4 wraiths
  7 wyverns
  A vampire (D:14)
  2 fire elementals (D:15)
  A human (D:14)
  65 yaks
  8 basilisks
  2 hogs (Lair:4)
  2 hungry ghosts
  7 vampire mosquitoes
  An acid dragon (D:15)
  5 wargs
  3 hell hounds (D:15)
  9 water moccasins
  3 porcupines
  32 orc warriors
  3 sky beasts
  3 phantoms
  9 ogres
  10 ice beasts
  2 black bears
  6 boggarts
  21 wolves
  8 centaurs
  8 crocodiles
  A gnoll sergeant (Orc:1)
  2 wyvern zombies
  19 bullfrogs
  2 scorpions
  A water moccasin skeleton (D:7)
  30 killer bees
  9 wights
  13 howler monkeys
  10 crimson imps
  2 bullfrog zombies
  A quasit (D:14)
  5 jellies
  7 centaur skeletons
  5 hounds
  18 orc priests
  29 orc wizards
  2 iguanas (D:8)
  7 hell rats (Lair:6)
  12 worker ants
  Terence (D:3)
  6 wolf simulacra (Lair:4)
  2 yak simulacra (Lair:4)
  2 hound zombies
  2 worker ant zombies
  Robin (D:4)
  9 gnolls
  18 adders
  3 shadow imps
  3 oozes
  An adder zombie (D:8)
  An adder skeleton (D:6)
  A worm (D:2)
  3 dart slugs
  6 leopard geckos
  91 orcs
  9 giant cockroaches
  12 goblins
  9 hobgoblins
  23 jackals
  3 quokkas
  2 ball pythons
  3 bats
  5 frilled lizards
  A frilled lizard (shapeshifter) (D:14)
  A jackal zombie (D:8)
  9 kobolds
  A leopard gecko zombie (D:5)
  2 quokka skeletons (D:5)
  A quokka zombie (D:8)
  4 rats
  3 river rat simulacra (Lair:4)
874 creatures vanquished.

Vanquished Creatures (others)
  A yak (D:12)
  4 humans (Lair:4)
  A wolf (IceCv)
  A bullfrog (Lair:4)
  2 orc wizards (Orc:2)
  An orc (Orc:2)
  29 fungi
  38 plants
77 creatures vanquished.

Grand Total: 951 creatures vanquished

Notes
Turn   | Place    | Note
-------+----------+-------------------------------------------
     0 | D:1      | Morbidden the Demonspawn Fighter began the quest for the
                  | Orb.
     0 | D:1      | Reached XP level 1. HP: 18/18 MP: 1/1
   175 | D:1      | Gained mutation: You are partially covered in thin metallic
                  | scales. (AC +2) [demonic ancestry]
   175 | D:1      | Reached XP level 2. HP: 24/24 MP: 2/2
   877 | D:2      | Gained mutation: You are slightly more attuned to the
                  | shadows. [demonic ancestry]
   877 | D:2      | Reached XP level 3. HP: 27/29 MP: 3/3
  1654 | D:2      | Gained mutation: Your flesh is cold resistant. (rC+)
                  | [demonic ancestry]
  1654 | D:2      | Reached XP level 4. HP: 30/35 MP: 4/4
  1851 | D:3      | Noticed an ogre
  1872 | D:3      | Killed an ogre
  1872 | D:3      | Reached skill level 1 in Short Blades
  1872 | D:3      | Gained mutation: You have sharp toenails. [demonic
                  | ancestry]
  1872 | D:3      | Reached XP level 5. HP: 35/41 MP: 5/5
  2147 | D:3      | Noticed Terence
  2153 | D:3      | Killed Terence
  2411 | D:4      | Noticed a phantom
  2471 | D:4      | Killed a phantom
  2471 | D:4      | Reached skill level 1 in Dodging
  2471 | D:4      | Gained mutation: You are immune to freezing clouds.
                  | [demonic ancestry]
  2471 | D:4      | Reached XP level 6. HP: 23/47 MP: 6/6
  2785 | D:4      | Noticed Robin
  2802 | D:4      | Killed Robin
  2819 | D:4      | Found a staircase to the Ecumenical Temple.
  2838 | Temple   | Entered the Ecumenical Temple
  3145 | Temple   | Became a worshipper of Dithmenos the Shadowed
  3394 | D:5      | Entered Level 5 of the Dungeon
  3600 | D:5      | Noticed Eustachio
  3624 | D:5      | Killed Eustachio
  3624 | D:5      | Reached skill level 1 in Stealth
  3624 | D:5      | Reached skill level 1 in Invocations
  3624 | D:5      | Gained mutation: You are mostly covered in thin metallic
                  | scales. (AC +3) [demonic ancestry]
  3624 | D:5      | Reached XP level 7. HP: 47/52 MP: 6/8
  3813 | D:5      | Reached * piety under Dithmenos
  3960 | D:5      | Reached XP level 8. HP: 60/60 MP: 10/10
  4222 | D:5      | Reached skill level 5 in Shields
  4517 | D:6      | Reached ** piety under Dithmenos
  4809 | D:6      | Reached skill level 5 in Short Blades
  4809 | D:6      | Gained mutation: You have razor-sharp toenails. [demonic
                  | ancestry]
  4809 | D:6      | Reached XP level 9. HP: 52/65 MP: 12/12
  5245 | D:7      | Reached skill level 5 in Invocations
  5322 | D:7      | Found a basalt altar of Yredelemnul.
  6009 | D:8      | Reached *** piety under Dithmenos
  6191 | D:8      | Found Qucy's Distillery.
  6201 | D:8      | Bought 2 potions of might for 104 gold pieces
  6201 | D:8      | Bought a potion of might for 52 gold pieces
  6201 | D:8      | Bought a potion of mutation for 104 gold pieces
  6244 | D:8      | Reached skill level 5 in Armour
  6259 | D:8      | Found a staircase to the Lair.
  6348 | D:8      | Found Kytri's General Store.
  6355 | D:8      | Bought a potion of heal wounds for 75 gold pieces
  6355 | D:8      | Bought a potion of heal wounds for 75 gold pieces
  6377 | D:8      | Found Efiddao's General Store.
  6647 | D:8      | Found Bionwen's Jewellery Shop.
  6720 | D:9      | Reached XP level 10. HP: 73/73 MP: 14/14
  6777 | D:9      | Noticed a two-headed ogre
  6816 | D:9      | Killed a two-headed ogre
  6816 | D:9      | Reached skill level 5 in Stealth
  6833 | D:9      | Found a shimmering altar of Xom.
  6869 | D:9      | Reached **** piety under Dithmenos
  7131 | D:9      | Noticed Prince Ribbit
  7140 | D:9      | Killed Prince Ribbit
  7386 | D:10     | Entered Level 10 of the Dungeon
  7568 | D:10     | Found a runed translucent door.
  7890 | D:10     | Learned a level 1 spell: Confusing Touch
  8304 | D:10     | Gained mutation: Your magical and physical power is
                  | slightly enhanced at high health. [demonic ancestry]
  8304 | D:10     | Reached XP level 11. HP: 78/78 MP: 16/16
  8665 | D:10     | Noticed PeterQ's ghost (journeyman TeGl)
  8666 | D:10     | Identified the +9 spear of Incongruity {distort, rF+ Dex+7}
  8806 | D:10     | Noticed a two-headed ogre
  8812 | D:10     | Killed a two-headed ogre
  8812 | D:10     | Reached skill level 1 in Hexes
  9214 | D:10     | Killed PeterQ's ghost
  9214 | D:10     | Reached ***** piety under Dithmenos
  9214 | D:10     | Reached skill level 5 in Fighting
  9214 | D:10     | Reached skill level 1 in Spellcasting
  9426 | D:11     | Found a frozen archway.
  9499 | IceCv    | Entered an ice cave
 10004 | IceCv    | Gained mutation: You are significantly more attuned to the
                  | shadows. [demonic ancestry]
 10004 | IceCv    | Reached XP level 12. HP: 66/86 MP: 18/18
 10164 | IceCv    | Noticed a death yak
 10168 | IceCv    | Noticed a death yak
 10201 | IceCv    | Killed a death yak
 10217 | IceCv    | Killed a death yak
 10353 | IceCv    | Noticed a frost giant
 10373 | IceCv    | Reached skill level 5 in Dodging
 10574 | IceCv    | Reached skill level 10 in Shields
 10705 | IceCv    | Killed a frost giant
 10761 | IceCv    | Got a scorched broad axe
 10769 | IceCv    | Identified the cursed +0 broad axe of Mayhem {freeze,
                  | Str+3} (You found it in an ice cave)
 11048 | D:11     | Reached ****** piety under Dithmenos
 11137 | D:11     | Found a staircase to the Orcish Mines.
 11176 | D:11     | Found a roughly hewn altar of Beogh.
 11192 | D:11     | Noticed a two-headed ogre
 11197 | D:11     | Killed a two-headed ogre
 11634 | Lair:1   | Entered Level 1 of the Lair of Beasts
 11749 | Lair:1   | Reached XP level 13. HP: 85/93 MP: 20/20
 11774 | Lair:1   | Noticed Erica
 11779 | Lair:1   | Killed Erica
 12544 | Lair:2   | Found a basalt altar of Yredelemnul.
 12986 | Lair:2   | Found a hole to the Spider Nest.
 13461 | Lair:3   | Found a staircase to the Shoals.
 14132 | Lair:4   | Noticed Kirke
 14246 | Lair:4   | Reached skill level 10 in Invocations
 14374 | Lair:4   | Killed Kirke
 14622 | Lair:4   | Reached skill level 10 in Stealth
 14636 | Lair:4   | Noticed Snorg
 14638 | Lair:4   | Noticed Nessos
 14641 | Lair:4   | Killed Snorg
 14643 | Lair:4   | Killed Nessos
 15341 | Lair:5   | Found a staircase to the Slime Pits.
 15931 | Lair:5   | Gained mutation: You have claws for feet. [demonic
                  | ancestry]
 15931 | Lair:5   | Reached XP level 14. HP: 90/101 MP: 21/21
 16388 | Lair:6   | Entered Level 6 of the Lair of Beasts
 17970 | Lair:6   | Found a runed translucent door.
 18787 | D:8      | Bought a +6 ring of evasion for 858 gold pieces
 19164 | D:12     | Gained mutation: Your magical and physical power is
                  | enhanced at high health. [demonic ancestry]
 19164 | D:12     | Reached XP level 15. HP: 98/110 MP: 23/23
 20654 | D:13     | Noticed Josephine
 20662 | D:13     | Killed Josephine
 20769 | D:13     | Found a gate to the Vaults.
 21136 | D:14     | Found a shadowy altar of Dithmenos.
 21348 | D:14     | Found Teavygai's Weapon Boutique.
 21483 | D:14     | Found a runed translucent door.
 21483 | D:14     | Noticed Tarias's ghost (journeyman GrGl)
 21488 | D:14     | Killed Tarias's ghost
 21767 | D:15     | Entered Level 15 of the Dungeon
 22031 | D:15     | Noticed Azrael
 22049 | D:15     | Killed Azrael
 22382 | D:15     | Found a staircase to the Depths.
 22795 | Orc:1    | Entered Level 1 of the Orcish Mines
 23174 | Orc:2    | Entered Level 2 of the Orcish Mines
 23278 | Orc:2    | Paralysed by an orc sorcerer for 2 turns
 23289 | Orc:2    | Gained mutation: Armour fits poorly on your strangely
                  | shaped body. [a neqoxec]
 23326 | Orc:2    | Reached XP level 16. HP: 105/119 MP: 25/25
 23648 | Orc:2    | Found a staircase to the Elven Halls.
 23744 | Orc:2    | Found a bloodstained altar of Trog.
 23950 | Orc:2    | Gained mutation: You occasionally shout uncontrollably at
                  | your foes. [a neqoxec]
 24163 | Orc:2    | Found Redupn's General Store.
 24163 | Orc:2    | Found Liykop's Magic Scroll Shop.
 24188 | Orc:2    | Found Pimyv's Book Shop.
 24188 | Orc:2    | Found Qonturue's Assorted Antiques.
 24248 | Elf:1    | Entered Level 1 of the Elven Halls
 24284 | Orc:2    | HP: 2/120 [ghostly deep elf knight/+0 short sword (10)]
 24285 | Orc:2    | Killed from afar by a deep elf death mage

Skill      XL: |  1  2  3  4  5  6  7  8  9 10 11 12 13 14 15 16 |
---------------+-------------------------------------------------+-----
Shields        | 3 4 5 7 8 9 10 11 12 13 | 13.9
Long Blades    | 2 3 4 |  4.9
Short Blades   | 1 2 3 5 6 7 8 9 |  9.6
Armour         | 3 4 5 6 |  6.6
Dodging        | 1 2 3 4 6 7 8 |  8.2
Stealth        | 1 2 3 4 6 7 10 12 13 | 13.2
Invocations    | 1 3 4 6 7 8 9 10 11 13 | 13.2
Fighting       | 4 5 6 8 9 |  9.1
Hexes          | 3 4 |  4.5
Spellcasting   | 2 3 |  3.3
Evocations     | |  0.2

Action                   |  1- 3 |  4- 6 |  7- 9 | 10-12 | 13-15 | 16-18 || total
-------------------------+-------+-------+-------+-------+-------+-------++-------
Melee: Dagger            |   113 |   151 |   393 |   946 |  1793 |   189 ||  3585
       Long sword        |    10 |       |       |       |       |       ||    10
       Kick              |       |    36 |   202 |   436 |   716 |    80 ||  1470
       Rapier            |       |       |   183 |   231 |       |       ||   414
       Unarmed           |       |       |       |       |     8 |       ||     8
       Scimitar          |       |       |       |       |   126 |    17 ||   143
 Cast: Confusing Touch   |       |       |       |     4 |     9 |       ||    13
Invok: Shadow Step       |       |       |       |     1 |     1 |       ||     2
       Shadow Form       |       |       |       |       |     7 |     2 ||     9
Evoke: Wand              |       |       |       |     2 |     2 |     1 ||     5
  Use: Scroll            |       |       |     4 |    17 |    16 |     1 ||    38
       Potion            |       |       |       |     4 |     2 |     2 ||     8
 Stab: Sleeping          |       |       |     9 |    20 |   120 |     4 ||   153
       Distracted        |       |       |     3 |     3 |     9 |     1 ||    16
       Confused          |       |       |       |     2 |     6 |       ||     8
       Invisible         |       |       |       |       |    45 |    15 ||    60
  Eat: Chunk             |     1 |     4 |    11 |    18 |    35 |     3 ||    72
       Ration            |       |     1 |     1 |       |     1 |       ||     3
Armor: Scale mail        |    73 |    50 |   191 |   111 |       |       ||   425
       Troll leather arm |       |       |       |   187 |   268 |    23 ||   478
Dodge: Dodged            |    43 |    26 |   171 |   355 |   834 |    79 ||  1508
Block: Shield            |    68 |    64 |   235 |   619 |  1010 |   138 ||  2134
       Rpst.: Long sword |     1 |       |       |       |       |       ||     1
       Scimitar          |       |       |       |       |    14 |     3 ||    17
